 Dungeon Crawl Stone Soup version 0.28-a0-1632-g283549b12f (webtiles) character file.

Game seed: 5129321946497237815

2653 GordonOverkill the Scholar of Death (level 9, -2/51 HPs)
             Began as an Octopode Earth Elementalist on Jan 25, 2022.
             Was a Follower of Kikubaaqudgha.
             Slain by a boulder beetle (53 damage)
             ... on level 7 of the Dungeon.
             The game lasted 00:25:40 (8616 turns).

GordonOverkill the Scholar of Death (OpEE)          Turns: 8616, Time: 00:25:41

Health: -2/51      AC:  1    Str: 11    XL:     9   Next: 62%
Magic:  15/15      EV: 17    Int: 22    God:    Kikubaaqudgha [*.....]
Gold:   372        SH:  0    Dex: 12    Spells: 7/16 levels left

rFire   + . .      SeeInvis .   r - +2 rapier of Eternal War {vorpal, rPois Str+4}
rCold   . . .      Faith    .   (no shield)
rNeg    . . .      Spirit   .   (helmet restricted)
rPois   +          Reflect  .   (no amulet)
rElec   .          Harm     .   k - ring of protection from fire
rCorr   .          Rampage  .   A - +4 ring of evasion
Will    .....                   (no ring)
Stlth   ++++......              (no ring)
HPRegen 0.17/turn               (no ring)
MPRegen 0.14/turn               (no ring)
                                (no ring)
                                (no ring)

@: studying 2 skills
A: almost no armour, amphibious, 8 rings, camouflage 1, gelatinous body 1,
nimble swimmer 1, tentacles
a: Renounce Religion, Receive Corpses


You were on level 7 of the Dungeon.
You worshipped Kikubaaqudgha.
Kikubaaqudgha was aware of your devotion.
You visited 1 branch of the dungeon, and saw 7 of its levels.

You collected 457 gold pieces.
You spent 85 gold pieces at shops.

Inventory:

Hand Weapons
 c - a +0 short sword
 r - the +2 rapier of Eternal War (weapon) {vorpal, rPois Str+4}
   (You found it on level 4 of the Dungeon)

   It inflicts extra damage upon your enemies.
   Str:       It affects your strength (+4).
   rPois:     It protects you from poison.
Missiles
 b - 97 stones
 h - 13 poisoned darts
 i - 4 javelins
Magical Staves
 y - a staff of death
Jewellery
 k - a ring of protection from fire (left tentacle)
 o - a ring of fire
 A - a +4 ring of evasion (right tentacle)
Wands
 s - a wand of flame (22)
 D - a wand of paralysis (7)
Scrolls
 a - a scroll of noise {unknown}
 d - a scroll of fog {unknown}
 e - 2 scrolls of vulnerability
 g - a scroll of torment
 l - a scroll of enchant armour
 m - 2 scrolls of teleportation
 p - a scroll of enchant weapon {unknown}
 u - a scroll of amnesia {unknown}
 v - a scroll of brand weapon {unknown}
 w - a scroll of blinking
 z - a scroll of fear
 B - a scroll of magic mapping
Potions
 f - 2 potions of curing
 j - a potion of flight
 n - 2 potions of heal wounds
 q - 3 potions of berserk rage
 t - a potion of lignification
 x - a potion of resistance
 C - a potion of brilliance


   Skills:
 - Level 2.0 Dodging
 - Level 3.0 Stealth
 - Level 4.1 Spellcasting
 - Level 2.1 Conjurations
 + Level 12.3 Necromancy
 - Level 2.0 Transmutations
 - Level 4.0 Earth Magic
 + Level 11.1 Evocations


You had 7 spell levels left.
You knew the following spells:

 Your Spells              Type           Power      Damage    Failure   Level
a - Sandblast             Erth           44%        2d11      1%          1
b - Passwall              Tmut/Erth      14%        N/A       4%          2
c - Stone Arrow           Conj/Erth      36%        3d9       10%         3
d - Vampiric Draining     Necr           56%        2d10      1%          3

Your spell library contained the following spells:

 Spells                   Type           Power      Damage    Failure   Level
 Animate Skeleton         Necr           100%       N/A       1%          1
 Pain                     Necr           100%       1d9       1%          1
 Corpse Rot               Necr/Air       62%        N/A       1%          2
 Sublimation of Blood     Necr           56%        N/A       1%          2
 Summon Small Mammal      Summ           16%        N/A       11%         1
 Static Discharge         Conj/Air       9%         N/A       11%         2
 Blink                    Tloc           8%         N/A       17%         2
 Call Canine Familiar     Summ           4%         N/A       32%         3
 Lesser Beckoning         Tloc           4%         N/A       32%         3
 Summon Guardian Golem    Hex/Summ       4%         N/A       32%         3
 Petrify                  Tmut/Erth      17%        N/A       32%         4
 Lightning Bolt           Conj/Air       4%         1d16      89%         5
 Manifold Assault         Tloc           4%         N/A       97%         5
 Orb of Destruction       Conj           6%         9d6       100%        7
 Spellforged Servitor     Conj/Summ      4%         N/A       100%        7
 Maxwell's Capacitive Co  Air            2%         ∞         100%        8


Dungeon Overview and Level Annotations

Branches:
Dungeon (7/15)             Temple (0/1) D:6

Altars:
Cheibriados
Fedhas
Kikubaaqudgha
Nemelex Xobeh
Ru
Sif Muna
Vehumet

Shops:
D:5 *   D:6 :

Annotations:
D:4 Dowan
D:5 exclusion: centaur


Innate Abilities, Weirdness & Mutations

You cannot wear most types of armour.
You are amphibious.
You can wear up to eight rings at the same time.
Your skin changes colour to match your surroundings (Stealth+).
Your rubbery body absorbs attacks. (AC +1, EV +1)
You are camouflaged when in or above water. (Stealth+)
You have tentacles for arms and can constrict up to eight enemies at once.


Message History

Found a scroll of magic mapping.
Found 6 gold pieces.
Found 17 gold pieces.
There is a shimmering blue altar of Sif Muna here.
You now have 332 gold pieces (gained 16).
You now have 338 gold pieces (gained 6).
You now have 355 gold pieces (gained 17).
There is a shimmering blue altar of Sif Muna here.
You open the door.
Found 17 gold pieces.
There is an open door here.
You now have 372 gold pieces (gained 17).
You open the door.
There is an open door here.
You open the door.
There is an open door here.
There is an open door here.
What are your orders? t - Shout!
Orders for allies: a - Attack new target. r - Retreat! s - Stop attacking. g - Guard the area. f - Follow me.
Anything else - Cancel.
You shout for attention!
You start waiting.
A boulder beetle is nearby!
What are your orders? t - Shout!
Orders for allies: a - Attack new target. p - Attack previous target. r - Retreat! s - Stop attacking. g - Guard the area. f - Follow me.
Anything else - Cancel.
You shout for attention!
There is an open door here.
The boulder beetle curls into a ball and begins rolling!
There is an open door here.
The boulder beetle hits you!!!
Ouch! That really hurt!
You die...
Kikubaaqudgha rasps: "You have failed me!
Welcome... death!"

#....... ....#
########..##.# ##...#
##..##.##..##.###....#
#....................#
#............≈○°≈≈...#
#............≈≈≈≈≈...#
#............≈≈_§....#
####..##...###.≈≈§§≈...#
#..#..########.≈@≈☼≈...#
................B......#
...............○.......#
..............°.##.....#
.............°..##.....#
#########..##°..##.....#
###...###+###...##.....#
..........○#...........#
....○B.....'...........#


You could see a boulder beetle (rolling).

Vanquished Creatures
  Pikel (D:5)
  Maggie (D:6)
  Menkaure (D:6)
  A sky beast (D:4)
  2 black bears
  2 necrophages
  2 centaurs (D:5)
  2 ogres
  A lemure (D:5)
  3 scorpions
  A wyvern skeleton (D:7)
  A water moccasin skeleton (D:4)
  4 hounds
  A centaur zombie (D:6)
  Crazy Yiuf (D:2)
  2 orc priests
  A centaur skeleton (D:4)
  A gnoll shaman (D:6)
  A bullfrog skeleton (D:7)
  Ijyb (D:4)
  2 iguanas
  5 orc wizards
  Natasha (thrice) (D:4)
  3 gnolls (D:6)
  6 adders
  A shadow imp (D:3)
  A white imp (D:6)
  A dart slug (D:3)
  16 orcs
  2 bats (D:3)
  5 endoplasms
  4 giant cockroaches
  2 goblins
  7 hobgoblins
  5 jackals
  2 quokkas (D:3)
  4 ball pythons
  A frilled lizard (D:2)
  7 kobolds
  3 rats
110 creatures vanquished.

Vanquished Creatures (others)
  An orc (D:5)
1 creature vanquished.

Grand Total: 111 creatures vanquished

Notes
Turn   | Place    | Note
-------+----------+-------------------------------------------
     0 | D:1      | GordonOverkill the Octopode Earth Elementalist began the
                  | quest for the Orb.
     0 | D:1      | Reached XP level 1. HP: 11/11 MP: 3/3
   334 | D:1      | Reached XP level 2. HP: 14/17 MP: 5/5
  1351 | D:1      | Reached XP level 3. HP: 18/21 MP: 6/6
  1932 | D:2      | Learned a level 2 spell: Passwall
  1936 | D:2      | Learned a level 3 spell: Stone Arrow
  1973 | D:2      | Found a runed translucent door.
  1974 | D:2      | Noticed Crazy Yiuf
  1980 | D:2      | Killed Crazy Yiuf
  1981 | D:2      | Reached XP level 4. HP: 27/27 MP: 2/8
  2504 | D:3      | Found a blossoming altar of Fedhas.
  2536 | D:3      | Reached skill level 1 in Conjurations
  3059 | D:4      | Reached XP level 5. HP: 10/31 MP: 5/10
  3400 | D:4      | Reached XP level 6. HP: 31/36 MP: 6/12
  3443 | D:4      | Learned a level 3 spell: Vampiric Draining
  3476 | D:4      | Noticed Dowan
  3503 | D:4      | Reached skill level 2 in Necromancy
  3820 | D:4      | Identified the +2 rapier of Eternal War {vorpal, rPois
                  | Str+4}
  3840 | D:4      | Found a sparkling altar of Nemelex Xobeh.
  3841 | D:4      | Noticed Ijyb
  3865 | D:4      | Killed Ijyb
  3866 | D:4      | Reached skill level 3 in Necromancy
  4050 | D:4      | Noticed Natasha
  4055 | D:4      | Killed Natasha
  4148 | D:4      | Reached skill level 4 in Necromancy
  4545 | D:4      | Noticed Natasha
  4560 | D:4      | Killed Natasha
  4665 | D:4      | Noticed Natasha
  4674 | D:4      | Killed Natasha
  4739 | D:5      | Entered Level 5 of the Dungeon
  4739 | D:5      | Noticed a necrophage
  4741 | D:5      | Killed a necrophage
  4742 | D:5      | Reached skill level 6 in Necromancy
  4742 | D:5      | Reached XP level 7. HP: 41/41 MP: 6/13
  4994 | D:5      | Reached skill level 7 in Necromancy
  5058 | D:5      | Found an ancient bone altar of Kikubaaqudgha.
  5068 | D:5      | Became a worshipper of Kikubaaqudgha
  5430 | D:5      | Found Duesishrua's Assorted Antiques.
  5438 | D:5      | Reached skill level 8 in Necromancy
  5446 | D:5      | Reached XP level 8. HP: 40/46 MP: 3/14
  5664 | D:5      | Bought a green potion for 19 gold pieces
  5664 | D:5      | Bought a scroll labelled CUFAIS QAWNUAD for 22 gold pieces
  5664 | D:5      | Bought a scroll labelled LIKKAC PEUK for 22 gold pieces
  5664 | D:5      | Bought a scroll labelled BANOK SETECS for 22 gold pieces
  5684 | D:5      | Reached skill level 5 in Evocations
  5957 | D:5      | Noticed Pikel
  5975 | D:5      | Killed Pikel
  5976 | D:5      | Reached skill level 10 in Necromancy
  6468 | D:6      | Reached XP level 9. HP: 37/51 MP: 2/15
  6638 | D:6      | Found Foisich's Book Emporium.
  6736 | D:6      | Found a snail-covered altar of Cheibriados.
  6798 | D:6      | Reached skill level 11 in Necromancy
  6969 | D:6      | Found a radiant altar of Vehumet.
  6972 | D:6      | Noticed Menkaure
  6976 | D:6      | Killed Menkaure
  6984 | D:6      | Noticed Maggie
  6995 | D:6      | Killed Maggie
  6996 | D:6      | Reached skill level 10 in Evocations
  7208 | D:6      | Reached * piety under Kikubaaqudgha
  7208 | D:6      | Received a gift from Kikubaaqudgha
  7710 | D:6      | Reached skill level 12 in Necromancy
  7768 | D:6      | Found a staircase to the Ecumenical Temple.
  8091 | D:7      | Found a sacrificial altar of Ru.
  8405 | D:7      | Noticed a boulder beetle
  8524 | D:7      | Found a shimmering blue altar of Sif Muna.
  8616 | D:7      | Slain by a boulder beetle

Illustrated notes

Levels and vault maps discovered:
D:1:      minmay_arrival_widening_spiral_wide, layout_basic, st_stairs_5
D:2:      layout_basic, uniq_crazy_yiuf_cottage
D:3:      layout_rooms, overflow_temple_1_default, grunt_decor_one_mirror,
          corner_web_ring, minmay_between
D:4:      layout_cave_pods, lemuel_tele_altar, serial_park_tiny_2, uniq_duvessa,
          uniq_ijyb, uniq_natasha
D:5:      layout_basic, mainiacjoe_overflow_small_starburst,
          mainiacjoe_overflow_cross_hatched, serial_shops, shop,
          kb_lookout_dungeons_type, minmay_manual_mess, uniq_prince_ribbit1,
          uniq_pikel
D:6:      layout_basic, lemuel_doored_altar, amcnicky_altar_gilded,
          minmay_temple_entry_tees, serial_shops, nicolae_shop_window_shopping,
          dk_noncrumbling_3, uniq_menkaure, uniq_maggie
D:7:      layout_gridville, nicolae_sif_muna_condensation, kennysheep_mini

Skill      XL: |  1  2  3  4  5  6  7  8  9 |
---------------+----------------------------+-----
Stealth        | 3 |  3.0
Spellcasting   | 3 4 |  4.1
Transmutations | 2 |  2.0
Conjurations   | 1 2 |  2.1
Earth Magic    | 4 |  4.0
Necromancy     | 6 8 10 12 | 12.3
Evocations     | 4 8 11 | 11.1
Dodging        | |  2.0

Action                   |  1- 3 |  4- 6 |  7- 9 || total
-------------------------+-------+-------+-------++-------
Melee: Club              |    21 |       |       ||    21
       Tentacles         |    11 |    17 |    25 ||    53
       Constrict         |    13 |    19 |    15 ||    47
       Short sword       |    32 |    36 |       ||    68
       Punch             |       |     3 |     4 ||     7
       Rapier            |       |    20 |    71 ||    91
 Cast: Sandblast         |     9 |    39 |    21 ||    69
       Stone Arrow       |     1 |     2 |    22 ||    25
       Vampiric Draining |       |     1 |    27 ||    28
Evoke: Wand              |       |       |     2 ||     2
  Use: Potion            |     1 |     3 |     5 ||     9
       Scroll            |       |     1 |     8 ||     9
 Stab: Sleeping          |     9 |     1 |     1 ||    11
       Distracted        |       |     2 |       ||     2
       Paralysed         |       |       |     8 ||     8
Armor: Skin              |     3 |     6 |     8 ||    17
Dodge: Dodged            |    29 |    40 |    51 ||   120

Table legend: (Time is in decaauts)
 A = Elapsed time spent in this place.
 B = Non-inter-level travel time spent in this place.
 C = Inter-level travel time spent in this place.
 D = Time resting spent in this place.
 E = Time spent auto-exploring this place.
 F = Levels seen in this place.
 G = Mean time per level.
                   A        B        C        D        E       F      G
               +--------+--------+--------+--------+--------+-----+--------+
         Total |   8658 |   8255 |    403 |   3450 |   2656 |   7 | 1236.9 |
       Dungeon |   8658 |   8255 |    403 |   3450 |   2656 |   7 | 1236.9 |
               +--------+--------+--------+--------+--------+-----+--------+

Top non-repeatable levels by time:
     D:4: 2035 daAuts
     D:6: 1737 daAuts
     D:1: 1614 daAuts
     D:5: 1259 daAuts
     D:2: 746 daAuts
     D:3: 695 daAuts
     D:7: 569 daAuts
